 Dungeon Crawl Stone Soup version 0.30.1-11-g7821555f0a (webtiles) character file.

Game seed: 17459416157614498719

252 pkoi the Insei (level 5, -6/46 HPs)
             Began as a Draconian Monk on Oct 30, 2023.
             Mangled by a hornet (15 damage)
             ... while paralysed by a hornet
             ... on level 5 of the Dungeon.
             The game lasted 00:05:38 (4752 turns).

pkoi the Insei (Draconian Monk)                     Turns: 4752, Time: 00:05:38

Health: -6/46      AC:  5    Str: 13    XL:     5   Next: 89%
Magic:  5/5        EV:  2    Int: 13    God:
Gold:   295        SH:  0    Dex: 13    Spells: 4/4 levels left

rFire   + .          .
                       - Unarmed
rCold   . . .        (no shield)
rNeg    . . .        (body armour unavailable)
rPois   .            (helmet restricted)
rElec   .            e - scarf {shadows}
rCorr   .            (no gloves)
SInv    .            (no boots)
Will    .....        (no amulet)
Stlth   +            j - ring of protection from fire
HPRegen 0.27/turn    (no ring)
MPRegen 0.09/turn

%: no passive effects
@: confused, paralysed, lethally poisoned (-6 -> -9), ambrosia-drunk, slowed
A: AC +5, unfitting armour, cold-blooded
a: no special abilities


You were on level 5 of the Dungeon.
You visited 1 branch of the dungeon, and saw 5 of its levels.

You collected 295 gold pieces.

Inventory:

Hand Weapons
 n - the +0 dagger of Ivaramirph {holy, Fly rN+ Str-3}
   (You found it on level 2 of the Dungeon)

   Str:       It affects your strength (-3).
   rN:        It protects you from negative energy.
   Fly:       It grants you flight.
Armour
 b - an orb of light
 e - a scarf of shadows (worn)
Jewellery
 j - a ring of protection from fire (left hand)
Wands
 f - a wand of charming (5)
 g - a wand of digging (9)
Scrolls
 c - 3 scrolls of teleportation
 i - 2 scrolls of identify
 o - a scroll of fear
 p - a scroll of summoning {unknown}
Potions
 d - 2 potions of attraction
 h - a potion of mutation
 k - a potion of resistance
 l - a potion of degeneration


   Skills:
 - Level 4.0 Fighting
 - Level 3.2 Dodging
 + Level 5.9 Unarmed Combat


You had 4 spell levels left.
You didn't know any spells.
Your spell library contained the following spells:

 Spells                   Type           Power      Damage    Failure   Level
 Beastly Appendage        Tmut           0%         N/A       30%         1
 Summon Small Mammal      Summ           0%         N/A       30%         1
 Wereblood                Tmut           0%         N/A       43%         2
 Call Canine Familiar     Summ           0%         N/A       67%         3
 Spider Form              Tmut/Pois      0%         N/A       67%         3
 Summon Guardian Golem    Hex/Summ       0%         N/A       67%         3


Dungeon Overview and Level Annotations

Branches:
Dungeon (5/15)
 Temple: D:4-7

Altars:
Fedhas
Wu Jian
The Shining One

Annotations:
D:2 Ijyb
D:4 Grinder, Pikel


Innate Abilities, Weirdness & Mutations

Your plain brown scales are hard. (AC +5)
You cannot fit into any form of body armour.
You are cold-blooded and may be slowed by cold attacks.


Message History

An orc wizard comes into view. It is wielding a +0 dagger.
The hornet stings you.
You feel as though you will be slow longer.
The hornet stings you.
You are poisoned.
You feel as though you will be slow longer.
You feel very sick. The hornet stings you.
You feel as though you will be slow longer.
The orc wizard mumbles some strange words.
The orc wizard flickers and vanishes!
Deactivating autopickup; reactivate with Ctrl-A.
You can move again.
Unknown command.
Unknown command.
Aiming: Charm
Press: ? - help, Shift-Dir - straight line, f/p - hornet
Aim: a hornet (chance to affect: 39%)
The hornet is charmed.
You feel very sick. Something closely misses your hornet.
You hear some strange, mumbled words.
Your hornet appears confused.
You are confused.
You feel invigorated.
You feel sick.
Something hits your hornet but does no damage.
Your hornet is poisoned.
Your hornet closely misses something.
You hear some strange, mumbled words.
Your hornet appears confused.
Something hits your hornet.
Your hornet stings you!
* * * LOW HITPOINT WARNING * * *
You suddenly lose the ability to move!
Something hits your hornet but does no damage.
You feel sick.
Your hornet closely misses something.
Something hits your hornet.
Your hornet looks as sick as possible!
Something hits your hornet but does no damage.
You feel sick. Something hits your hornet.
Your hornet stings you!
You die...

#...#.# #.
#.##.. #.
#.##.# #
#.##.##.##.#
###..........#
..........#
####.†...#
###.#..<#
#.@.#...#
#y#####.# #{.
..# ##.y ..#
......#
.###... .#


You could see a friendly hornet (charmed, confused, extremely poisoned).

Vanquished Creatures
  2 lemures
  A scorpion (D:3)
  A howler monkey (D:5)
  Natasha (D:4)
  Robin (D:3)
  4 adders
  3 dart slugs
  An orc (D:3)
  6 endoplasms
  2 giant cockroaches
  20 goblins
  5 hobgoblins
  4 jackals (D:3)
  2 quokkas
  7 ball pythons
  8 bats
  A frilled lizard (D:2)
  6 kobolds
  5 rats
80 creatures vanquished.

Notes
Turn   | Place    | Note
-------+----------+-------------------------------------------
     0 | D:1      | pkoi the Draconian Monk began the quest for the Orb.
     0 | D:1      | Reached XP level 1. HP: 19/19 MP: 1/1
   225 | D:1      | Reached XP level 2. HP: 23/26 MP: 2/2
   972 | D:2      | Reached skill level 4 in Unarmed Combat
  1248 | D:2      | Reached XP level 3. HP: 31/31 MP: 3/3
  1250 | D:2      | Learned a level 1 spell: Beastly Appendage
  1450 | D:2      | Identified the +0 dagger of Ivaramirph {holy, Fly rN+
                  | Str-3}
  1738 | D:2      | Found a faded altar of an unknown god.
  1760 | D:3      | Noticed Ijyb
  1995 | D:3      | Noticed Robin
  2031 | D:3      | Killed Robin
  2032 | D:3      | Reached skill level 5 in Unarmed Combat
  2032 | D:3      | Reached XP level 4. HP: 22/38 MP: 4/4
  3023 | D:4      | Found a blossoming altar of Fedhas.
  3340 | D:4      | Noticed Pikel
  3342 | D:4      | Noticed Grinder
  3342 | D:4      | Noticed a lemure
  3342 | D:4      | Noticed a lemure
  3386 | D:4      | Noticed a scorpion
  3387 | D:4      | Noticed Natasha
  3413 | D:3      | Killed a scorpion
  3414 | D:3      | Reached XP level 5. HP: 13/46 MP: 5/5
  3640 | D:4      | Killed Natasha
  3690 | D:4      | Found a glowing golden altar of the Shining One.
  3869 | D:4      | Noticed a lemure
  3870 | D:4      | Noticed a lemure
  3879 | D:4      | Paralysed by Grinder for 2 turns
  3886 | D:4      | Paralysed by Grinder for 5 turns
  4144 | D:3      | Killed a lemure
  4318 | D:4      | Killed a lemure
  4603 | D:4      | Found an ornate altar of the Wu Jian Council.
  4715 | D:5      | Entered Level 5 of the Dungeon
  4741 | D:5      | Noticed a hornet
  4746 | D:5      | Paralysed by a hornet for 3 turns
  4750 | D:5      | Paralysed by a hornet for 3 turns
  4752 | D:5      | Mangled by a hornet

Illustrated notes

Levels and vault maps discovered:
D:1:      dpeg_arrival_arbitrary_c, layout_basic, grunt_decor_junction,
          hangedman_decor_clover_reticule
D:2:      kennysheep_the_goblin_king, layout_basic,
          shapermc_ecumenical_altar_flowoftime
D:3:      layout_loops_ring, uniq_robin, uniq_ijyb
D:4:      nicolae_cairo_tiling_large_dashed, layout_basic,
          mainiacjoe_overflow_alcove_2, fedhas_ov_isle_minmay,
          mainiacjoe_overflow_paths, minmay_misc_feat_doors, uniq_grinder,
          uniq_natasha, uniq_pikel
D:5:      layout_loops_ring, mainiacjoe_overflow_small_starburst,
          chequers_decorated_corner

Skill      XL: |  1  2  3  4  5 |
---------------+----------------+-----
Unarmed Combat | 4 5 |  5.9
Dodging        | 3 |  3.2
Fighting       | 4 |  4.0

Action                     |  1- 3 |  4- 6 || total
---------------------------+-------+-------++-------
  Melee: Unarmed           |   147 |   173 ||   320
         Tailslap          |    11 |    16 ||    27
         Punch             |     4 |     5 ||     9
  Evoke: Wand              |       |     7 ||     7
    Use: Scroll            |    10 |     2 ||    12
         Potion            |     1 |     4 ||     5
   Stab: Sleeping          |     2 |     2 ||     4
 Armour: Skin              |    61 |    53 ||   114
  Dodge: Dodged            |   128 |    93 ||   221
